 Dungeon Crawl Stone Soup version 0.28-a0-474-g535839065c (webtiles) character file.

Game seed: 1848807624012451996

1961 Squid the Basher (level 9, 0/78 HPs)
             Began as a Minotaur Berserker on Sept 15, 2021.
             Was a Believer of Trog.
             Slain by a scorpion (7 damage)
             ... on level 6 of the Dungeon.
             The game lasted 00:13:20 (7469 turns).

Squid the Basher (Minotaur Berserker)               Turns: 7469, Time: 00:13:21

Health: 0/78       AC: 14    Str: 25    XL:     9   Next: 0%
Magic:  8/8        EV: 12    Int:  4    God:    Trog [**....]
Gold:   265        SH:  0    Dex: 10    Spells: 8/8 levels left

rFire   . . .      SeeInvis .   a - +0 mace
rCold   . . .      Faith    .   (no shield)
rNeg    . . .      Spirit   .   i - +0 scale mail
rPois   +          Reflect  .   (helmet restricted)
rElec   .          Harm     .   (no cloak)
rCorr   .          Rampage  .   (no gloves)
Will    .....                   g - +1 pair of boots
Stlth   ..........              (no amulet)
HPRegen 0.23/turn               j - +4 ring of protection
MPRegen 0.11/turn               c - ring of poison resistance

@: on berserk cooldown, slowed, very slow
A: horns 2, retaliatory headbutt
a: Renounce Religion, Berserk, Trog's Hand


You were on level 6 of the Dungeon.
You worshipped Trog.
Trog was pleased with you.
You visited 1 branch of the dungeon, and saw 6 of its levels.

You collected 265 gold pieces.

Inventory:

Hand Weapons
 a - a +0 mace (weapon)
Armour
 g - a +1 pair of boots (worn)
 i - a +0 scale mail (worn)
Jewellery
 c - a ring of poison resistance (right hand)
 j - a +4 ring of protection (left hand)
Wands
 e - a wand of flame (10) (quivered)
 o - a wand of charming (10)
Scrolls
 b - 3 scrolls of teleportation
 d - 2 scrolls of immolation
 f - a scroll of enchant weapon
Potions
 h - a potion of lignification
 k - a potion of curing {unknown}
 l - a potion of attraction {unknown}
 m - a potion of might
 n - a potion of resistance


   Skills:
 + Level 6.7 Fighting
 + Level 9.1 Maces & Flails
 + Level 7.8 Armour
 + Level 5.7 Dodging
 - Level 1.2 Stealth


You had 8 spell levels left.
You didn't know any spells.
Your spell library was empty.

Dungeon Overview and Level Annotations

Branches:
Dungeon (6/15)             Temple (0/1) D:4

Altars:
Cheibriados
Gozag
Nemelex Xobeh
Trog
Wu Jian

Shops:
D:3 !

Portals:
Ossuary: D:6

Annotations:
D:4 1 runed translucent door, gregwegmann's ghost, amateur GrEE


Innate Abilities, Weirdness & Mutations

You have a pair of horns on your head.
You reflexively headbutt those who attack you in melee.


Message History

You feel yourself slow down.
Your skin stops crawling.
You feel less strong-willed.
You barely miss the adder. The adder barely misses you.
The adder bites you but does no damage.
You hit the adder. Your headbutt misses the adder.
The adder is heavily wounded.
The adder bites you but does no damage. x2
You miss the adder.
The adder is moderately wounded.
The adder closely misses you. The adder bites you.
* * * LOW HITPOINT WARNING * * *
You are poisoned.
The adder poisons you!
You sock the adder!
You kill the adder!
Trog accepts your kill.
You feel very sick.
You have reached level 9!
Your experience leads to an increase in your attributes!
Increase (S)trength, (I)ntelligence, or (D)exterity?
You feel stronger.
You start resting.
You feel sick. x3
You hear the brisk hiss of an avalanche of sand nearby.
You feel sick.
You are no longer poisoned.
A scorpion comes into view.
Things that are here:
a +0 giant spiked club; +0 steam dragon scales; a steam dragon corpse You start resting.
The scorpion closely misses you.
A scorpion is nearby!
The scorpion stings you but does no damage.
The scorpion misses you.
You sock the scorpion!
The scorpion is heavily wounded.
The scorpion stings you but does no damage.
You barely miss the scorpion. Your headbutt misses the scorpion.
The scorpion is heavily wounded.
The scorpion stings you!
You die...

........................###
.........<...........[....#
..........)P............#.#
.......###.....>........#.#######
....... #..............#.......#
.$.... #.............###.####..
.... #......:......#########. .
##[..........##..≈≈≈≈≈..#
......).@.....#.≈..(..≈.#
......##s...#.#.≈.≈≈≈.≈.#
.####.......# #.≈≈...≈≈.#
####...#..###.≈≈._.≈≈.#
............#.≈≈...≈≈.#
....<..##..###.≈.≈≈≈.≈.#
..............#.≈.....≈.#
.....#...§§..##..≈≈≈≈≈..#
....#######..#.#########.


You could see a scorpion.

Vanquished Creatures
  The ghost of dolemite99 the Cleaver, a novice HOWr of Beogh (D:5)
  Grinder (D:4)
  Eustachio (D:5)
  A steam dragon (D:6)
  3 ogres
  A phantom (D:5)
  4 scorpions
  A bullfrog zombie (D:5)
  4 hounds
  A jelly (D:4)
  2 orc priests (D:3)
  2 bullfrog skeletons
  A centaur skeleton (D:4)
  2 iguanas
  An orc wizard (D:5)
  3 gnolls (D:3)
  7 adders
  A shadow imp (D:6)
  2 ufetubi
  3 worms
  A dart slug (D:1)
  22 orcs
  2 bats
  7 endoplasms
  2 giant cockroaches
  10 goblins
  7 hobgoblins
  5 jackals (D:1)
  3 quokkas
  10 ball pythons
  4 frilled lizards
  7 kobolds
  5 rats
127 creatures vanquished.

Vanquished Creatures (others)
  2 plants (D:5)
  6 withered plants (D:6)
8 creatures vanquished.

Grand Total: 135 creatures vanquished

Notes
Turn   | Place    | Note
-------+----------+-------------------------------------------
     0 | D:1      | Squid the Minotaur Berserker began the quest for the Orb.
     0 | D:1      | Reached XP level 1. HP: 19/19 MP: 0/0
   712 | D:1      | Reached skill level 4 in Maces & Flails
   712 | D:1      | Reached XP level 2. HP: 21/27 MP: 1/1
  1525 | D:2      | Reached XP level 3. HP: 33/33 MP: 2/2
  1653 | D:2      | Reached ** piety under Trog
  1759 | D:2      | Found a faded altar of an unknown god.
  2268 | D:2      | Reached XP level 4. HP: 41/41 MP: 3/3
  2474 | D:3      | Reached skill level 5 in Maces & Flails
  2602 | D:3      | Reached XP level 5. HP: 47/47 MP: 4/4
  3067 | D:3      | Found an ornate altar of the Wu Jian Council.
  3067 | D:3      | Found an opulent altar of Gozag.
  3100 | D:3      | Reached skill level 1 in Stealth
  3221 | D:3      | Found Lavimil's Distillery.
  4235 | D:4      | Reached XP level 6. HP: 36/55 MP: 5/5
  4714 | D:4      | Reached skill level 5 in Fighting
  4815 | D:4      | Reached skill level 6 in Maces & Flails
  4984 | D:4      | Noticed Grinder
  5007 | D:4      | Paralysed by Grinder for 5 turns
  5020 | D:4      | Killed Grinder
  5021 | D:4      | Reached XP level 7. HP: 19/61 MP: 6/6
  5459 | D:4      | Reached skill level 5 in Armour
  5474 | D:4      | Found a staircase to the Ecumenical Temple.
  5587 | D:4      | Found a snail-covered altar of Cheibriados.
  5600 | D:4      | Found a runed translucent door.
  5600 | D:4      | Noticed gregwegmann's ghost (amateur GrEE)
  5867 | D:5      | Entered Level 5 of the Dungeon
  5910 | D:5      | Reached skill level 7 in Maces & Flails
  5988 | D:5      | Found a bloodstained altar of Trog.
  6182 | D:5      | Found a runed translucent door.
  6186 | D:5      | Noticed dolemite99's ghost (novice HOWr)
  6235 | D:5      | Reached *** piety under Trog
  6274 | D:5      | Noticed Eustachio
  6320 | D:5      | Killed Eustachio
  6321 | D:5      | Reached XP level 8. HP: 27/70 MP: 7/7
  6704 | D:5      | Reached skill level 8 in Maces & Flails
  6912 | D:5      | Killed dolemite99's ghost
  6913 | D:5      | Reached skill level 5 in Dodging
  7014 | D:6      | Found a sand-covered staircase.
  7052 | D:6      | Found a sparkling altar of Nemelex Xobeh.
  7448 | D:6      | Reached skill level 9 in Maces & Flails
  7458 | D:6      | Reached XP level 9. HP: 8/78 MP: 8/8
  7469 | D:6      | Slain by a scorpion

Illustrated notes

Levels and vault maps discovered:
D:1:      saegor_arrival_simple_c, layout_loops_ring, minivault_5,
          minmay_distorted
D:2:      layout_rooms, shapermc_ecumenical_altar_starsandcircs
D:3:      layout_basic, gammafunk_temple_overflow_elements, serial_aquarium,
          aquarium_bridge_square [aquarium_subvault_wall,
          aquarium_subvault_bridge, aquarium_subvault_bridge,
          aquarium_subvault_window], aquarium_bridge_straight
          [aquarium_subvault_bridge, aquarium_subvault_window,
          aquarium_subvault_bridge, aquarium_subvault_balcony],
          aquarium_window_corner, aquarium_window_2, aquarium_view_2f,
          serial_shops, shop_statue, kennysheep_generic_room_10
D:4:      layout_loops_ring, cheibriados_altar_1,
          minmay_temple_entry_nine_rooms, gammafunk_ghost_grave, minivault_23,
          uniq_grinder
D:5:      corexii_shack_village, layout_cave_pools, trog_three_pillars_becter,
          hellmonk_ghost_happy_afterlife, uniq_eustachio
D:6:      layout_rooms, mainiacjoe_overflow_paths, grunt_temple_overflow_open,
          lightli_ossuary_entry_decrepit_ruins, serial_undead, serial_undead_c,
          serial_undead_b, serial_undead_b, serial_undead_b, chequers_avenue

Skill      XL: |  1  2  3  4  5  6  7  8 |
---------------+-------------------------+-----
Maces & Flails | 4 5 6 7 9 |  9.1
Fighting       | 4 5 6 |  6.7
Dodging        | 3 4 5 |  5.7
Armour         | 3 4 6 7 |  7.8
Stealth        | 1 |  1.2

Action                   |  1- 3 |  4- 6 |  7- 9 || total
-------------------------+-------+-------+-------++-------
Melee: Mace              |    73 |   109 |   155 ||   337
       Headbutt          |    10 |    15 |    25 ||    50
Invok: Trog's Hand       |       |     4 |     7 ||    11
       Berserk           |       |     4 |     6 ||    10
Evoke: Wand              |       |       |     1 ||     1
  Use: Scroll            |     3 |     1 |     4 ||     8
       Potion            |       |     3 |     1 ||     4
Armor: Animal skin       |    11 |       |       ||    11
       Ring mail         |    17 |    15 |       ||    32
       Scale mail        |       |    37 |   180 ||   217
Dodge: Dodged            |    51 |    86 |   174 ||   311

Table legend: (Time is in decaauts)
 A = Elapsed time spent in this place.
 B = Non-inter-level travel time spent in this place.
 C = Inter-level travel time spent in this place.
 D = Time resting spent in this place.
 E = Time spent auto-exploring this place.
 F = Levels seen in this place.
 G = Mean time per level.
                   A        B        C        D        E       F      G
               +--------+--------+--------+--------+--------+-----+--------+
         Total |   7585 |   7396 |    189 |   2588 |   3528 |   6 | 1264.2 |
       Dungeon |   7585 |   7396 |    189 |   2588 |   3528 |   6 | 1264.2 |
               +--------+--------+--------+--------+--------+-----+--------+

Top non-repeatable levels by time:
     D:3: 1895 daAuts
     D:4: 1695 daAuts
     D:1: 1520 daAuts
     D:5: 1170 daAuts
     D:2: 836 daAuts
     D:6: 467 daAuts
